 Seeded DCSS version 0.30-a0-170-g85af917532 (webtiles) character file.

Game seed: 17909409691759101759 (custom seed)

13 gzilladon the Chopper (level 2, 0/27 HPs)
             Began as a Hill Orc Monk on Sept 30, 2022.
             Slain by an adder (2 damage)
             ... on level 2 of the Dungeon.
             The game lasted 00:00:32 (297 turns).

gzilladon the Chopper (Hill Orc Monk)                Turns: 297, Time: 00:00:32

Health: 0/27       AC:  2    Str: 13    XL:     2   Next: 37%
Magic:  2/2        EV: 12    Int: 10    God:
Gold:   12         SH:  0    Dex: 13    Spells: 1/1 levels left

rFire   . . .      SeeInvis .    a - +0 hand axe
rCold   . . .      Faith    .    (no shield)
rNeg    . . .      Spirit   .    b - +0 robe
rPois   .          Reflect  .    (no helmet)
rElec   .          Harm     .    (no cloak)
rCorr   .          Rampage  .    (no gloves)
Will    .....                    (no boots)
Stlth   ++........               (no amulet)
HPRegen 0.09/turn                (no ring)
MPRegen 0.08/turn                (no ring)

@: lethally poisoned (0 -> -4)
A: no striking features
a: no special abilities


You were on level 2 of the Dungeon.
You visited 1 branch of the dungeon, and saw 2 of its levels.

You collected 12 gold pieces.

Inventory:

Hand Weapons
 a - a +0 hand axe (weapon)
Missiles
 e - 4 poisoned darts (quivered)
Armour
 b - a +0 robe (worn)
Scrolls
 d - a scroll of amnesia {unknown}
Potions
 c - a potion of ambrosia


   Skills:
 + Level 3.9 Fighting
 + Level 4.3 Axes
 + Level 2.6 Dodging
 + Level 1.6 Stealth


You had one spell level left.
You didn't know any spells.
Your spell library was empty.

Dungeon Overview and Level Annotations

Branches:
Dungeon (2/15)

Altars:


Message History

The jackal barely misses you.
You hit the jackal but do no damage.
The jackal is severely wounded.
You barely miss the jackal. You hit the adder but do no damage.
You hit the jackal.
You kill the jackal!
You feel sick. The adder barely misses you. The jackal barely misses you.
The jackal closely misses you. The adder closely misses you.
The jackal barely misses you. The adder bites you.
You closely miss the jackal.
The jackal is severely wounded.
You barely miss the jackal. You closely miss the adder. You hit the adder.
You feel sick. The jackal barely misses you. The adder barely misses you.
The jackal barely misses you. The adder bites you. The jackal bites you.
You barely miss the jackal.
The jackal is severely wounded.
You hit the jackal.
You kill the jackal!
You hit the adder. You miss the adder.
You feel sick. The jackal closely misses you. The adder bites you.
* * * LOW HITPOINT WARNING * * *
You are lethally poisoned!
The adder poisons you! The adder barely misses you. x2
The jackal barely misses you.
You barely miss the jackal.
The jackal is severely wounded.
You barely miss the adder. You hit the adder but do no damage.
* * * LOW HITPOINT WARNING * * *
You feel sick. The adder bites you but does no damage.
The jackal closely misses you. The adder barely misses you.
The adder bites you but does no damage.
You closely miss the jackal.
The jackal is severely wounded.
You hit the adder. x2
* * * LOW HITPOINT WARNING * * *
You feel sick. The jackal bites you.
* * * LOW HITPOINT WARNING * * *
The adder bites you but does no damage. The adder closely misses you.
The jackal closely misses you. The adder bites you.
You die...

#.# ##.# #.#
.#.# #.# ...
#.# .. #.#
.# #
#.####.#.#.#
#.##.†S....#
#<...@h.>#
####.#S###
#.#.# #.#.#
#...# #♣.♣.
.♣# .♣


You could see 2 adders and a jackal.

Vanquished Creatures
  A gnoll (D:1)
  2 jackals (D:2)
  A frilled lizard (D:2)
4 creatures vanquished.

Notes
Turn   | Place    | Note
-------+----------+-------------------------------------------
     0 | D:1      | gzilladon the Hill Orc Monk began the quest for the Orb.
     0 | D:1      | Reached XP level 1. HP: 19/19 MP: 1/1
    19 | D:1      | Reached XP level 2. HP: 8/27 MP: 2/2
   297 | D:2      | Slain by an adder

Illustrated notes

Levels and vault maps discovered:
D:1:      psy_arrival_basics, layout_basic
D:2:      layout_loops_ring, serial_forest, infiniplex_forest_straight_4,
          infiniplex_forest_straight_2, infiniplex_forest_straight_3,
          infiniplex_forest_pool, infiniplex_forest_lined_3_way,
          infiniplex_forest_lined_3, infiniplex_forest_clump_small,
          infiniplex_forest_join, infiniplex_forest_split,
          infiniplex_forest_straight_3

Action                   || total
-------------------------++-------
Melee: Hand axe          ||    17
Armor: Robe              ||     9
Dodge: Dodged            ||    35

Table legend: (Time is in decaauts)
 A = Elapsed time spent in this place.
 B = Non-inter-level travel time spent in this place.
 C = Inter-level travel time spent in this place.
 D = Time resting spent in this place.
 E = Time spent auto-exploring this place.
 F = Levels seen in this place.
 G = Mean time per level.
                   A        B        C        D        E       F      G
               +--------+--------+--------+--------+--------+-----+--------+
         Total |    298 |    298 |      0 |    203 |      0 |   2 |  149.0 |
       Dungeon |    298 |    298 |      0 |    203 |      0 |   2 |  149.0 |
               +--------+--------+--------+--------+--------+-----+--------+

Top non-repeatable levels by time:
     D:1: 280 daAuts
     D:2: 17 daAuts
